cohdb
Replays
Latest Replays
All Replays
Popular Replays
Top Player Replays
Match Explorer
How It Works
Community
CoH3 Stats
Reddit
Sign in to upload your games and track your stats! →
Sign in with Steam
Match 45364827
Unlisted
Match 45364827
Overview
Messages
Build Orders
End
Selects Airborne Battlegroup
Selects Heavy Machine Gun Paradrop
Heavy Machine Gun Paradrop
Construct Barracks
Riflemen Squad
Riflemen Squad
Grenade Package
Air Support Center
Selects Paratrooper Squad Paradrop
Paratrooper Squad Paradrop
P-47 Strafing Run
Construct Motor Pool
Selects Anti-tank Gun Team Paradrop
P-47 Strafing Run
M8 Greyhound Armored Car
Paratrooper Squad Paradrop
Selects Recon Loiter
Air Supply
Construct Medical Station
Selects Supply Drop
Supply Drop
Grasshopper Recon Run
Construct Tank Depot
P-47 Strafing Run
M4A1 Sherman Medium Tank
Improved Aircraft Armor
Supply Drop
P-47 Strafing Run
Engineer Squad
M4A1 Sherman Medium Tank
Grasshopper Recon Run
P-47 Dive Bomb
Selects Dual P-47 Rocket Strike
P-47 Strafing Run
P-47 Dive Bomb
Supply Drop
P-47 Strafing Run
Double Sortie
P-47 Dive Bomb
Supply Drop
Grasshopper Recon Run
P-47 Strafing Run
P-47 Dive Bomb
M4A1 Sherman Medium Tank
Dual P-47 Rocket Strike
Paratrooper Squad Paradrop
P-47 Strafing Run
Yoyaso
KorleeS
S1L
80020
xmAlansu
Caliph Al Nasser
Nord
Cuttlefish
0
0
Comments
sign in to comment!
No comments posted yet!